 Dungeon Crawl Stone Soup version 0.29.1-1-gd02db6906a (webtiles) character file.

Game seed: 16555779955335278599

100 raph the Vexing (level 4, -1/24 HPs)
             Began as a Vampire Enchanter on Oct 18, 2022.
             Slain by an orc
             ... wielding a +0 short sword
              (3 damage)
             ... on level 1 of the Dungeon.
             The game lasted 00:04:51 (2901 turns).

raph the Vexing (Vampire Enchanter)                 Turns: 2901, Time: 00:04:52

Health: -1/24      AC:  2    Str:  6 (7)  XL:     4   Next: 47%
Magic:  1/7        EV: 12    Int: 17 (19) God:
Gold:   89         SH:  0    Dex: 12 (14) Spells: 2/7 levels left

rFire   . . .      SeeInvis +   a - +2 dagger (elec)
rCold   + + .      Faith    .   (no shield)
rNeg    + + +      Spirit   .   b - +0 robe
rPois   ∞          Reflect  .   (no helmet)
rElec   .          Harm     .   (no cloak)
rCorr   .          Rampage  .   (no gloves)
Will    +....                   (no boots)
Stlth   +++++.....              (no amulet)
HPRegen 0.00/turn               i - ring of willpower
MPRegen 0.10/turn               (no ring)

@: bloodless, inhibited regen
A: bloodless, fangs 3, see invisible, vampiric 2
a: Bat Form, Revivify


You were on level 1 of the Dungeon.
You visited 1 branch of the dungeon, and saw 3 of its levels.

You collected 89 gold pieces.

Inventory:

Hand Weapons
 a - a +2 dagger of electrocution (weapon)
 k - a +1 dagger
 n - a +1 dagger of protection
Missiles
 e - 8 poisoned darts (quivered)
Armour
 b - a +0 robe (worn)
Jewellery
 i - a ring of willpower (left hand)
Scrolls
 m - a scroll of torment {unknown}
Potions
 c - 2 potions of invisibility
 d - a potion of degeneration {unknown}
 f - 3 potions of curing
 g - 3 potions of attraction
 h - a potion of brilliance
 j - 2 potions of heal wounds {unknown}
 l - a potion of mutation {unknown}


   Skills:
 * Level 2.7 Short Blades
 + Level 2.7 Dodging
 * Level 5.4 Stealth
 + Level 2.2 Spellcasting
 * Level 5.4 Hexes


You had 2 spell levels left.
You knew the following spells:

 Your Spells              Type           Power      Damage    Failure   Level
a - Ensorcelled Hibernat  Hex/Ice        22%        N/A       10%         2
b - Dazzling Flash        Conj/Hex       22%        N/A       19%         3

Your spell library contained the following spells:

 Spells                   Type           Power      Damage    Failure   Level
 Confusing Touch          Hex            20%        N/A       6%          3
 Tukima's Dance           Hex            20%        N/A       6%          3


Dungeon Overview and Level Annotations

Branches:
Dungeon (3/15)

Altars:

Shops:
D:1 (   D:2 =   D:3 *

Annotations:
D:3 exclusion: phantom, Sigmund


Innate Abilities, Weirdness & Mutations

You do not regenerate when monsters are visible.
You are frail without blood (-20% HP).
You can heal yourself when you bite living creatures.
You are immune to poison.
You have razor-sharp teeth.
You have supernaturally acute eyesight. (SInv)
You are afflicted with vampirism and can become a bat while bloodless.


Message History

Press: ? - help, Shift-Dir - straight line, f/p - orc
Aim: an orc, wielding a +0 club and wearing a +0 ring mail (chance to affect: 62%)
The orc resists with significant effort.
The orc closely misses you.
Casting: Ensorcelled Hibernation (safe; 10% risk of failure)
Confirm with . or Enter, or press ? or * to list all spells.
Aiming: Ensorcelled Hibernation (safe; 10% risk of failure)
Press: ? - help, Shift-Dir - straight line, f/p - orc
Aim: an orc, wielding a +0 club and wearing a +0 ring mail (chance to affect: 62%)
The orc looks drowsy...
You are too injured to fight recklessly!
The helpless orc fails to defend itself.
You bite the orc, and draw its blood!
You feel better.
You impale the orc!!
You kill the orc!
The adder bites you.
Casting: Ensorcelled Hibernation (safe; 10% risk of failure)
Confirm with . or Enter, or press ? or * to list all spells.
You don't have enough magic to cast this spell.
Unknown command.
The adder attacks as you move away! The adder bites you.
The adder bites you but does no damage. The adder attacks as you move away!
The adder misses you. The adder bites you.
* * * LOW HITPOINT WARNING * * *
The adder attacks as you move away! The adder barely misses you.
The adder bites you.
* * * LOW HITPOINT WARNING * * *
Casting: Ensorcelled Hibernation (safe; 10% risk of failure)
Confirm with . or Enter, or press ? or * to list all spells.
Aiming: Ensorcelled Hibernation (safe; 10% risk of failure)
Press: ? - help, Shift-Dir - straight line, f - adder
Aim: an adder (chance to affect: 53%)
The adder looks drowsy...
The adder hisses angrily.
There is a stone staircase leading up here.
The orc barely misses you.
You climb upwards.
There is a stone staircase leading down here.
The orc attacks as you move away! The orc hits you with a +0 short sword.
You die...

#.# #.# #.# #.#
#### #.# #.#
.|.#############
#.# #.#
#.#............#
#.# #.#
..........####.#
#.# #.#
#########.#
#.###.####.#
#.####..........#
#.......@o.######
############


You could see an orc.

Vanquished Creatures
  6 adders
  5 orcs (D:2)
  6 ball pythons
  3 endoplasms (D:2)
  A giant cockroach (D:2)
  3 jackals (D:2)
  4 kobolds
  A quokka (D:1)
  3 bats
  5 frilled lizards
  4 goblins (D:2)
  2 rats
43 creatures vanquished.

Notes
Turn   | Place    | Note
-------+----------+-------------------------------------------
     0 | D:1      | raph the Vampire Enchanter began the quest for the Orb.
     0 | D:1      | Reached XP level 1. HP: 13/13 MP: 3/3
   196 | D:1      | Found Cedielyrch's Weapon Emporium.
   779 | D:1      | Found a faded altar of an unknown god.
   853 | D:1      | Reached XP level 2. HP: 13/13 MP: 5/5
   856 | D:1      | Learned a level 2 spell: Ensorcelled Hibernation
   973 | D:1      | Reached skill level 5 in Stealth
   973 | D:1      | Gained mutation: You are afflicted with vampirism and can
                  | become a bat while bloodless. [Vampire growth]
   973 | D:1      | Reached XP level 3. HP: 5/16 MP: 1/6
   977 | D:1      | Learned a level 3 spell: Dazzling Flash
  1256 | D:2      | Reached skill level 5 in Hexes
  1830 | D:2      | Found Cikorhat's Jewellery Emporium.
  1980 | D:3      | Reached XP level 4. HP: 21/21 MP: 7/7
  2095 | D:3      | Noticed a phantom
  2108 | D:3      | Noticed Sigmund
  2108 | D:3      | Found Doagycr Cini's General Store.
  2901 | D:1      | Slain by an orc

Illustrated notes

Levels and vault maps discovered:
D:1:      roderic_chinese_lattice_arrival, layout_loops_ring,
          dreamdust_ecumenical_altar_angels_and_demons, serial_shops, shop
D:2:      layout_rooms, serial_shops, shop
D:3:      layout_rooms, elyvilon_altar_1, serial_shops, shop,
          nicolae_shop_bloodbath_and_beyond, shop_statue, shop,
          nicolae_shop_trees, uniq_terence, uniq_ijyb, uniq_sigmund

Skill      XL: |  1  2  3 |
---------------+----------+-----
Stealth        | 5 |  5.4
Hexes          | 5 |  5.4
Short Blades   | 2 |  2.7
Dodging        | |  2.7
Spellcasting   | |  2.2

Action                   |  1- 3 |  4- 6 || total
-------------------------+-------+-------++-------
Melee: Dagger            |    56 |    16 ||    72
       Punch             |     1 |       ||     1
       Bite              |     1 |     1 ||     2
 Cast: Ensorcelled Hiber |    17 |    11 ||    28
 Abil: Exsanguinate      |     3 |       ||     3
       Revivify          |     2 |       ||     2
       End Transformatio |       |     1 ||     1
       Bat Form          |       |     1 ||     1
  Use: Scroll            |     6 |       ||     6
 Stab: Sleeping          |    20 |     7 ||    27
Armor: Robe              |    15 |     6 ||    21
Dodge: Dodged            |    24 |    25 ||    49
